 Dungeon Crawl Stone Soup version 0.27-a0-1200-g94dc6ad4cf (webtiles) character file.

Game seed: 5619422833314960159

444 Delamore the Cudgeller (level 7, -3/44 HPs)
             Began as a Gargoyle Fighter on May 29, 2021.
             Was an Initiate of Okawaru.
             Slain by an ogre
             ... wielding a +0 giant spiked club
              (14 damage)
             ... on level 4 of the Dungeon.
             The game lasted 00:05:23 (4882 turns).

Delamore the Cudgeller (Gargoyle Fighter)           Turns: 4882, Time: 00:05:24

Health: -3/44      AC: 15    Str: 21    XL:     7   Next: 3%
Magic:  7/7        EV:  7    Int:  9    God:    Okawaru [......]
Gold:   205        SH: 10    Dex:  9    Spells: 6/6 levels left

rFire    + + +     SeeInvis .   a - +0 flail
rCold    . . .     Faith    .   c - +1 kite shield
rNeg     + . .     Spirit   .   t - +0 fire dragon scales
rPois    ∞         Reflect  .   n - +0 helmet
rElec    +         Harm     .   i - scarf {rC+ rF+}
rCorr    .         Rampage  .   (no gloves)
Will     .....                  (no boots)
Stlth    ..........             (no amulet)
HPRegen  0.14/turn              (no ring)
MPRegen  0.10/turn              (no ring)

@: no status effects
A: sickness immunity, AC +4, negative energy resistance 1, electricity
resistance, torment resistance 1, petrification resistance
a: Renounce Religion


You were on level 4 of the Dungeon.
You worshipped Okawaru.
Okawaru was noncommittal.
You visited 1 branch of the dungeon, and saw 5 of its levels.

You collected 205 gold pieces.

Inventory:

Hand Weapons
 a - a +0 flail (weapon)
 b - a +0 morningstar
Armour
 c - a +1 kite shield (worn)
 i - a scarf of resistance (worn)
 n - a +0 helmet (worn)
 t - +0 fire dragon scales (worn)
Jewellery
 x - an amulet of faith
Wands
 v - a wand of iceblast (8)
 w - a wand of mindburst (10)
Scrolls
 e - 3 scrolls of enchant armour
 g - a scroll of amnesia {unknown}
 k - 2 scrolls of identify {unknown}
 m - a scroll of silence {unknown}
 o - a scroll of torment {unknown}
 p - a scroll of teleportation
 q - a scroll of vulnerability {unknown}
 r - 2 scrolls of noise {unknown}
Potions
 d - 2 potions of might
 f - a potion of heal wounds
 h - a potion of curing {unknown}
 j - 3 potions of haste {unknown}
 l - 2 potions of magic {unknown}
 s - a potion of attraction {unknown}
 u - a potion of brilliance {unknown}
 z - a potion of degeneration {unknown}


   Skills:
 - Level 5.0 Fighting
 * Level 6.4 Maces & Flails
 - Level 3.2 Armour
 - Level 3.2 Shields


You had 6 spell levels left.
You didn't know any spells.
Your spell library contained the following spells:

 Spells                   Type           Power      Damage    Failure   Level
 Magic Dart               Conj           0%         1d3       99%         1
 Searing Ray              Conj           0%         3d3       100%        2
 Dazzling Flash           Conj/Hex       0%         N/A       100%        3
 Fulminant Prism          Conj/Hex       0%         3d6       100%        4
 Iskenderun's Mystic Bla  Conj/Tloc      0%         2d3       100%        4


Dungeon Overview and Level Annotations

Branches:
Dungeon (5/15)
 Temple: D:4-7

Altars:
Hepliaklqana
Nemelex Xobeh
Okawaru
Xom


Innate Abilities, Weirdness & Mutations

You are immune to sickness and miasma.
Your stone body is resilient. (AC +4)
You are immune to poison.
You resist negative energy. (rN+)
You are resistant to electric shocks. (rElec)
You are resistant to unholy torment.
You are immune to petrification.


Message History

Done exploring.
Done exploring.
There is a stone staircase leading down here.
You climb downwards.
There is a stone staircase leading up here.
Done exploring.
Done exploring.
Done exploring.
There is a stone staircase leading down here.
You climb downwards.
An adder, 6 killer bees, 3 orcs and an ogre come into view.
The adder hisses angrily.
The ogre shouts!
The killer bee buzzes angrily. x4
The orc shouts! x3
Found 16 sling bullets and 11 gold pieces.
Found a stone staircase leading up.
There is a stone staircase leading up here.
There are monsters nearby!
You block the killer bee's attack. You block the killer bee's attack.
The killer bee stings you. x2
The ogre closely misses you. You block the killer bee's attack.
You climb upwards.
There is a stone staircase leading down here.
You miss the killer bee. You block the killer bee's attack. x2
The killer bee stings you. The killer bee stings you!
The killer bee stings you but does no damage. x2
The ogre barely misses you.
You closely miss the killer bee.
The killer bee stings you but does no damage. x2
You block the killer bee's attack. The killer bee barely misses you. x3
You block the killer bee's attack.
The killer bee stings you but does no damage. x2
You block the ogre's attack.
You closely miss the killer bee. You block the killer bee's attack.
The killer bee barely misses you. The killer bee stings you.
The killer bee stings you!
* * * LOW HITPOINT WARNING * * *
The killer bee stings you but does no damage.
The killer bee closely misses you.
The ogre hits you with a +0 giant spiked club!
You die...

#.# #)# #.# #.# #.# #.#
#.#### #.# #.#..# #.#
#.#..#######.# #.#........#.#
################y##.####.##.#
...............O@y..........#
#.###############y#.####.####
#.# #.#...##.# #.# #.###.##.#
#.# #.....##.# #.#
#########.# #.# #.........#
#.# #.########## ..#
#..........#


You could see an ogre and 3 killer bees.

Vanquished Creatures
  A water moccasin (D:3)
  An ogre (D:3)
  A hound (D:4)
  An orc priest (D:4)
  An iguana (D:3)
  A gnoll (D:1)
  9 adders
  2 worms
  10 orcs
  2 ball pythons
  2 endoplasms (D:2)
  5 giant cockroaches
  3 goblins
  6 hobgoblins
  6 jackals
  A quokka (D:1)
  4 bats
  4 frilled lizards
  5 kobolds
  5 rats
70 creatures vanquished.

Notes
Turn   | Place    | Note
-------+----------+-------------------------------------------
     0 | D:1      | Delamore the Gargoyle Fighter began the quest for the Orb.
     0 | D:1      | Reached XP level 1. HP: 14/14 MP: 1/1
   525 | D:1      | Reached XP level 2. HP: 19/19 MP: 2/2
   848 | D:1      | Reached skill level 3 in Maces & Flails
   848 | D:1      | Reached XP level 3. HP: 10/24 MP: 3/3
  1315 | D:1      | Found a faded altar of an unknown god.
  1815 | D:2      | Reached XP level 4. HP: 29/29 MP: 4/4
  2099 | D:2      | Reached skill level 4 in Maces & Flails
  2918 | D:3      | Reached XP level 5. HP: 26/34 MP: 5/5
  3361 | D:3      | Found a shimmering altar of Xom.
  3361 | D:3      | Found a shimmering altar of Xom.
  3361 | D:3      | Found a shimmering altar of Xom.
  3362 | D:3      | Found a shimmering altar of Xom.
  3387 | D:3      | Noticed a water moccasin
  3418 | D:3      | Killed a water moccasin
  3419 | D:3      | Reached skill level 5 in Fighting
  3419 | D:3      | Reached skill level 5 in Maces & Flails
  3419 | D:3      | Reached XP level 6. HP: 31/40 MP: 6/6
  4564 | D:3      | Found an iron altar of Okawaru.
  4578 | D:3      | Became a worshipper of Warmaster Okawaru
  4684 | D:3      | Found a hazy altar of Hepliaklqana.
  4690 | D:3      | Found a sparkling altar of Nemelex Xobeh.
  4751 | D:3      | Reached skill level 6 in Maces & Flails
  4751 | D:3      | Reached XP level 7. HP: 42/44 MP: 7/7
  4876 | D:5      | Entered Level 5 of the Dungeon
  4882 | D:4      | Slain by an ogre

Illustrated notes

Levels and vault maps discovered:
D:1:      psy_arrival_fountain, layout_basic,
          shapermc_ecumenical_altar_mp_highgroup, st_stairs_7
D:2:      layout_basic, minmay_pentomino_r4
D:3:      layout_basic, xom_redecorated, old_standard_altar, minitemple
D:4:      layout_basic, minmay_misc_feat_hallway
D:5:      layout_layer_cave, slow_altar_2, minmay_temple_entry_enclosed_plants,
          uniq_edmund

Skill      XL: |  1  2  3  4  5  6 |
---------------+-------------------+-----
Maces & Flails | 3 4 5 6 |  6.4
Fighting       | 4 5 |  5.0
Armour         | |  3.2
Shields        | |  3.2

Action                   |  1- 3 |  4- 6 |  7- 9 || total
-------------------------+-------+-------+-------++-------
Melee: Flail             |   113 |   192 |     3 ||   308
  Use: Scroll            |     1 |     1 |       ||     2
       Potion            |       |     1 |       ||     1
Armor: Scale mail        |    47 |    35 |       ||    82
       Fire dragon scale |       |    53 |     7 ||    60
Dodge: Dodged            |    28 |    63 |     7 ||    98
Block: Kite shield       |    70 |    96 |     9 ||   175

Table legend: (Time is in decaauts)
 A = Elapsed time spent in this place.
 B = Non-inter-level travel time spent in this place.
 C = Inter-level travel time spent in this place.
 D = Time resting spent in this place.
 E = Time spent auto-exploring this place.
 F = Levels seen in this place.
 G = Mean time per level.
                   A        B        C        D        E       F      G
               +--------+--------+--------+--------+--------+-----+--------+
         Total |   5015 |   4796 |    219 |    699 |   3323 |   5 | 1003.0 |
       Dungeon |   5015 |   4796 |    219 |    699 |   3323 |   5 | 1003.0 |
               +--------+--------+--------+--------+--------+-----+--------+

Top non-repeatable levels by time:
     D:1: 1759 daAuts
     D:2: 1257 daAuts
     D:4: 1018 daAuts
     D:3: 976 daAuts
     D:5: 2 daAuts
